 Dungeon Crawl Stone Soup version 0.29.1-15-g9cfb28693d (webtiles) character file.

Game seed: 17931354370401371520

333 HakonGodeson the Gusty (level 6, 0/67 HPs)
             Began as a Draconian Air Elementalist on Mar 27, 2023.
             Was an Initiate of Ru.
             Slain by Sigmund
             ... wielding a +2 vorpal scythe
              (3 damage)
             ... on level 3 of the Dungeon.
             The game lasted 00:18:34 (4277 turns).

HakonGodeson the Gusty (Draconian Air Elementalist) Turns: 4277, Time: 00:18:35

Health: 0/67       AC: 23    Str: 10 (11) XL:     6   Next: 27%
Magic:  10/10      EV:  2    Int: 14 (17) God:    Ru [......]
Gold:   171        SH:  0    Dex:  8 (11) Spells: 3/10 levels left

rFire   . . .      SeeInvis .   p - +2 dagger (venom)
rCold   . . .      Faith    .   (no shield)
rNeg    . . .      Spirit   .   (body armour unavailable)
rPois   +          Reflect  .   (helmet currently unavailable)
rElec   .          Harm     .   (cloak currently unavailable)
rCorr   .          Rampage  .   (gloves currently unavailable)
Will    .....      NoTele   +   (boots currently unavailable)
Stlth   ++........              (no amulet)
HPRegen 0.21/turn               (no ring)
MPRegen 0.12/turn               (no ring)

@: tree-form, studying Invocations, invisible
A: stationary, stasis, torment immunity, boosted hp, AC +6, unfitting armour,
(cold-blooded), (hooves 1), frail 1
a: Renounce Religion


You were on level 3 of the Dungeon.
You worshipped Ru.
Ru was noncommittal.
You were a tree.
You visited 2 branches of the dungeon, and saw 5 of its levels.
You also visited: Sewer.

You collected 171 gold pieces.

Inventory:

Hand Weapons
 a - a +0 sling
 e - a +0 mace
 l - a +1 flail of venom
 p - a +2 dagger of venom (weapon)
 q - a +4 club
Wands
 m - a wand of flame (10)
Scrolls
 d - 3 scrolls of magic mapping
 f - a scroll of amnesia
 n - a scroll of poison
Potions
 c - a potion of attraction
 i - a potion of haste
 j - a potion of flight
 k - a potion of lignification


   Skills:
 * Level 2.4 Fighting
 * Level 0.3 Maces & Flails
 * Level 2.5 Ranged Weapons
 * Level 2.3 Dodging
 * Level 2.6 Stealth
 + Level 0.3 Unarmed Combat
 * Level 2.6 Spellcasting
 * Level 2.0 Conjurations
 * Level 3.8 Air Magic
 * Level 1.7 Invocations
 * Level 0.4 Evocations


You had 3 spell levels left.
You knew the following spells:

 Your Spells              Type           Power      Damage    Failure   Level
a - Shock                 Conj/Air       40%        1d5       7%          1
b - Static Discharge      Conj/Air       10%        3-5/arc   10%         2
c - Airstrike             Air            6%         2d(1-17)  43%         4

Your spell library contained the following spells:

 Spells                   Type           Power      Damage    Failure   Level
 Swiftness                Air            12%        N/A       14%         3


Dungeon Overview and Level Annotations

Branches:
Dungeon (4/15)             Temple (1/1) D:4           Sewer (visited)

Altars:
Ashenzari
Cheibriados
Dithmenos
Elyvilon
Fedhas
Gozag
Hepliaklqana
Kikubaaqudgha
Makhleb
Nemelex Xobeh
Okawaru
Ru
Sif Muna
Trog
Vehumet
Wu Jian
Xom
Zin
The Shining One

Annotations:
D:1 1 runed translucent door
D:3 Sigmund


Innate Abilities, Weirdness & Mutations

You are a tree.
Your roots penetrate the ground, keeping you stationary.
You cannot be teleported.
You are immune to unholy pain and torment.
Your maximum health is greatly increased.
Your equipment is partially melded.
((Your plain brown scales are hard. (AC +6)))
You cannot fit into any form of body armour.
((You are cold-blooded and may be slowed by cold attacks.))
((You have large cloven feet.))
You are frail. (-10% HP)


Message History

You closely miss Sigmund.
Sigmund is severely wounded.
Sigmund hits you with a +2 vorpal scythe!
You barely miss Sigmund.
Your tail-slap misses Sigmund.
Sigmund is severely wounded.
Sigmund casts a spell.
Sigmund flickers and vanishes!
Deactivating autopickup; reactivate with Ctrl-A.
Something hits you! Something hits you.
A magic dart appears from out of thin air!
The magic dart hits you.
* * * LOW HITPOINT WARNING * * *
You bump into the rock wall.
You feel less confused. Something hits you.
* * * LOW HITPOINT WARNING * * *
x2
As you read the scroll of teleportation, it crumbles to dust.
You feel strangely unstable.
You hear some strange, mumbled words.
A puff of flame appears from out of thin air!
The puff of flame hits you!
* * * LOW HITPOINT WARNING * * *
It was a potion of lignification.
You turn into a tree.
Your roots penetrate the ground.
You feel strangely stable. Something hits you but does no damage.
It was a potion of mutation.
You feel extremely strange.
You feel frail.
Your feet thicken and deform.
Something hits you but does no damage.
It was a potion of invisibility.
You fade into invisibility!
It was a potion of degeneration.
There was something very wrong with that liquid.
You feel weakened.
You feel dopey.
You feel clumsy. Something hits you but does no damage.
Unknown command.
There is a strange disturbance nearby!
Something hits you but does no damage.
You swing at nothing.
Something hits you.
You die...

.###.....####.##..#@#.#....g..
.# #.....####.#@.##)#.#.......
.# ####.........#.....#.......
## #.#...#####.#.###.......
### #...>....)..#...#)÷.....
..#####....#####....÷.(.......
...........# #......)÷..####
...........#####......(÷..#
...............'♣.{.......#
..######)..#####..........#
..# #...# #..........# .<.#
#...# #..........# ..## #...#
#..........# ..# #...#
#..........# ..# #...#
#........( ..# #...#
#......... ### #####


There were no monsters in sight!

Vanquished Creatures
  A phantom (D:4)
  A jelly (D:3)
  An orc priest (D:4)
  Jessica (D:3)
  A hell rat (Sewer)
  Robin (D:3)
  2 adders (D:3)
  3 river rats (Sewer)
  3 worms
  2 dart slugs
  8 orcs
  4 endoplasms
  A giant cockroach (D:2)
  5 hobgoblins
  5 jackals
  6 kobolds
  3 quokkas
  4 ball pythons
  2 bats
  3 frilled lizards
  14 goblins
  9 rats
80 creatures vanquished.

Vanquished Creatures (others)
  3 fungi (D:3)
  2 plants (D:3)
5 creatures vanquished.

Grand Total: 85 creatures vanquished

Notes
Turn   | Place    | Note
-------+----------+-------------------------------------------
     0 | D:1      | HakonGodeson the Draconian Air Elementalist began the quest
                  | for the Orb.
     0 | D:1      | Reached XP level 1. HP: 14/14 MP: 3/3
     0 | D:1      | Noticed a jelly
     1 | D:1      | Found a runed translucent door.
   269 | D:1      | Reached XP level 2. HP: 11/20 MP: 0/5
   326 | D:1      | Learned a level 2 spell: Static Discharge
  1093 | D:2      | Reached XP level 3. HP: 15/27 MP: 2/6
  1193 | D:3      | Noticed Sigmund
  1418 | D:3      | Noticed Jessica
  1424 | D:3      | Reached skill level 1 in Ranged Weapons
  1424 | D:3      | Reached XP level 4. HP: 30/34 MP: 0/7
  1568 | D:3      | Found a faded altar of an unknown god.
  1614 | D:3      | Prayed at the altar of an unknown god.
  1614 | D:3      | Became a worshipper of the Shining One
  1614 | D:3      | Reached * piety under the Shining One
  1638 | D:3      | Killed Jessica
  1723 | D:4      | Found a glowing drain.
  1743 | D:4      | Reached skill level 1 in Fighting
  1751 | Sewer    | Entered a sewer
  1834 | Sewer    | Learned a level 4 spell: Airstrike
  1857 | Sewer    | Reached XP level 5. HP: 31/40 MP: 4/8
  1863 | Sewer    | Reached skill level 1 in Invocations
  2171 | D:4      | Found a glowing silver altar of Zin.
  2178 | D:4      | Found a burning altar of Makhleb.
  2183 | D:4      | Found a blossoming altar of Fedhas.
  2640 | D:4      | Found a staircase to the Ecumenical Temple.
  2651 | Temple   | Entered the Ecumenical Temple
  2689 | Temple   | Fell from the grace of the Shining One
  2689 | Temple   | Became a worshipper of Ru the Awakened
  3253 | D:4      | Noticed a phantom
  3261 | D:4      | Killed a phantom
  3262 | D:4      | Reached XP level 6. HP: 27/48 MP: 0/9
  3814 | D:3      | Noticed Robin
  3843 | D:3      | Killed Robin
  3845 | D:3      | HP: 1/50 [dart slug/slug dart (2)]
  4270 | D:3      | HP: 1/50 [something/puff of flame (9)]
  4272 | D:3      | Gained mutation: You are frail. (-10% HP) [potion of
                  | mutation]
  4272 | D:3      | Gained mutation: You have large cloven feet. [potion of
                  | mutation]
  4277 | D:3      | Slain by Sigmund

Illustrated notes

Levels and vault maps discovered:
D:1:      dpeg_arrival_caged_fury, layout_rooms, amcnicky_mini_pool_small,
          minmay_hedge_maze
D:2:      layout_basic, hangedman_glass_teeth
D:3:      layout_basic, dreamdust_ecumenical_altar_grove, uniq_robin,
          uniq_sigmund, uniq_jessica
D:4:      layout_rooms, grunt_temple_overflow_diamond,
          minmay_temple_entry_junction, cheibrodos_sewer_entry_bend
Temple:   lightli_temple_of_artemis

Skill      XL: |  1  2  3  4  5 |
---------------+----------------+-----
Stealth        | 2 |  2.6
Dodging        | 2 |  2.3
Ranged Weapons | 1 2 |  2.5
Fighting       | 1 2 |  2.4
Invocations    | 1 |  1.7
Conjurations   | 2 |  2.0
Maces & Flails | |  0.3
Unarmed Combat | |  0.3
Spellcasting   | |  2.6
Air Magic      | |  3.8
Evocations     | |  0.4

Action                   |  1- 3 |  4- 6 || total
-------------------------+-------+-------++-------
Melee: Unarmed           |     6 |     3 ||     9
       Tailslap          |     1 |     4 ||     5
       Flail             |       |    11 ||    11
       Dagger            |       |    21 ||    21
       Punch             |       |     1 ||     1
 Fire: Sling             |    43 |    33 ||    76
 Cast: Shock             |    15 |     3 ||    18
       Static Discharge  |    24 |    30 ||    54
       Airstrike         |       |     2 ||     2
Evoke: Wand              |       |     4 ||     4
  Use: Potion            |     3 |    10 ||    13
       Scroll            |     2 |     5 ||     7
Armor: Skin              |    27 |    38 ||    65
Dodge: Dodged            |    56 |    60 ||   116
